 Dungeon Crawl Stone Soup version 0.28.0-1-gb440e238dd (webtiles) character file.

Game seed: 14923154809131580545

20 Acheron the Magician (level 2, 0/16 HPs)
             Began as a Tengu Wanderer on Feb 19, 2022.
             Succumbed to an adder's poison
             ... on level 2 of the Dungeon.
             The game lasted 00:05:11 (1305 turns).

Acheron the Magician (Tengu Wanderer)               Turns: 1305, Time: 00:05:12

Health: 0/16       AC:  2    Str: 10    XL:     2   Next: 79%
Magic:  8/8        EV: 11    Int: 14    God:
Gold:   26         SH:  0    Dex: 13    Spells: 9/9 levels left

rFire   . . .      SeeInvis .   e - +0 short sword
rCold   . . .      Faith    .   (no shield)
rNeg    . . .      Spirit   .   c - +0 robe
rPois   .          Reflect  .   (helmet restricted)
rElec   .          Harm     .   (no cloak)
rCorr   .          Rampage  .   (no gloves)
Will    .....                   (boots unavailable)
Stlth   +.........              (no amulet)
HPRegen 0.05/turn               (no ring)
MPRegen 0.11/turn               (no ring)

@: lethally poisoned (0 -> -2)
A: beak, talons 3
a: no special abilities


You were on level 2 of the Dungeon.
You visited 1 branch of the dungeon, and saw 2 of its levels.

You collected 26 gold pieces.

Inventory:

Hand Weapons
 a - a +3 hand crossbow
 e - a +0 short sword (weapon)
 j - a +0 fustibalus
Missiles
 b - 36 bolts
 d - 16 stones (quivered)
Armour
 c - a +0 robe (worn)
Scrolls
 h - a scroll of identify {unknown}
Potions
 f - 2 potions of haste {unknown}
 g - a potion of brilliance {unknown}
 i - a potion of resistance {unknown}
 k - a potion of curing {unknown}


   Skills:
 * Level 1.0 Fighting
 * Level 0.2 Short Blades
 * Level 2.3 Crossbows
 + Level 1.2 Armour
 * Level 0.6 Dodging
 * Level 0.6 Stealth
 + Level 4.2 Spellcasting
 + Level 1.0 Invocations
 * Level 1.2 Evocations


You had 9 spell levels left.
You didn't know any spells.
Your spell library was empty.

Dungeon Overview and Level Annotations

Branches:
Dungeon (2/15)

Altars:

Annotations:
D:1 exclusion: downstairs


Innate Abilities, Weirdness & Mutations

You have a beak for a mouth.
You have claws for feet.


Message History

The hobgoblin shouts!
A hobgoblin comes into view.
The hobgoblin shouts!
You barely miss the hobgoblin. You claw the hobgoblin.
You kill the hobgoblin!
You barely miss the hobgoblin. The hobgoblin closely misses you.
You barely miss the hobgoblin. The hobgoblin barely misses you.
You barely miss the hobgoblin. You peck the hobgoblin.
The hobgoblin is heavily wounded.
The hobgoblin closely misses you.
You barely miss the hobgoblin. You claw the hobgoblin. You peck the hobgoblin.
The hobgoblin is almost dead.
The hobgoblin closely misses you.
You barely miss the hobgoblin. Your kick misses the hobgoblin.
The hobgoblin is almost dead.
The hobgoblin hits you.
You hit the hobgoblin.
You kill the hobgoblin!
f - 2 blue potions (gained 1)
You now have 26 gold pieces (gained 14).
You see here 29 stones.
There is an escape hatch in the floor here.
Done exploring.
There is an escape hatch in the floor here.
You slide downwards.
The hatch slams shut behind you.
Found a coppery potion and a blue potion.
The hobgoblin shouts!
The adder hisses angrily.
You hear an angry hiss.
An adder comes into view.
The hobgoblin misses you.
You hit the hobgoblin. Your peck misses the hobgoblin.
The hobgoblin is heavily wounded.
The hobgoblin hits you but does no damage.
The adder bites you.
You are poisoned.
The adder poisons you! The adder closely misses you. The adder bites you.
You feel sick. The adder bites you.
* * * LOW HITPOINT WARNING * * *
* * * LOW HITPOINT WARNING * * *
You feel sick.
You die...

####### .......
....... #
####....... #.
####..@.......
...##..SS##.......
.!.....g.!###.####
....#.....# #
..........#
.............# ..
....#.##........
..# #...#.
..#.......
....#...#
..#........


You could see 2 adders and a hobgoblin.

Vanquished Creatures
  A bat (D:1)
  2 endoplasms (D:1)
  2 giant cockroaches (D:1)
  2 goblins (D:1)
  4 hobgoblins (D:1)
  3 ball pythons (D:1)
  A frilled lizard (D:1)
  2 kobolds (D:1)
  A rat (D:1)
18 creatures vanquished.

Notes
Turn   | Place    | Note
-------+----------+-------------------------------------------
     0 | D:1      | Acheron the Tengu Wanderer began the quest for the Orb.
     0 | D:1      | Acheron set off with the following items: a +3 hand
                  | crossbow, 24 bolts, a +0 robe
     0 | D:1      | Reached XP level 1. HP: 12/12 MP: 6/6
   436 | D:1      | Reached XP level 2. HP: 14/16 MP: 8/8
  1305 | D:2      | Succumbed to an adder's poison

Illustrated notes

Levels and vault maps discovered:
D:1:      minmay_arrival_jagged, layout_loops_cross, minmay_tetromino_l4
D:2:      layout_rooms, dreamdust_ecumenical_altar_drowned_temple

Action                   || total
-------------------------++-------
Melee: Short sword       ||    43
       Kick              ||    13
       Peck              ||     7
 Fire: Hand crossbow     ||    11
 Stab: Sleeping          ||     2
Armor: Robe              ||    11
Dodge: Dodged            ||    27
